AoeStats
← HydroAoE

Arena

504426652Analyzed
2v2 RM · 28d ago on Sep 5, 2026· 47m 46s· 4 players
Game mode
Random Map
Map size
Medium (4 player)
Population
200
Speed
Normal
Resources
Standard
Victory
Conquest
Starting age
Dark Age
Ending age
Imperial Age
RankedLock teamsTeams togetherTeam positionsShared explorationLock speedFull tech treeHidden civsTurbo modeCheats
Victory
Defeat
🇩🇪 Franks · Germany
1001
+13
🇩🇪 Celts · Germany
958
+15
🇳🇿 Persians · New Zealand
1001
-17
🇬🇧 Berbers · United Kingdom
856
-30
HydroAoE
8:40 Loom
10:27 Feudal Age
12:07 Double-Bit Axe
15:38 Castle Age
16:18 Forging
16:17 Scale Barding Armor
17:01 Husbandry
17:14 Scale Barding Armor
22:43 Gold Mining
24:01 Forging
26:14 Wheelbarrow
27:25 Iron Casting
26:41 Fletching
26:51 Elite Skirmisher
27:27 Town Watch
28:03 Bow Saw
31:17 Imperial Age
30:02 Bodkin Arrow
31:03 Chain Barding Armor
31:20 Cavalier
33:03 Blast Furnace
33:11 Conscription
33:25 Ballistics
34:17 Stone Mining
36:15 Paladin
38:37 Plate Barding Armor
39:27 Gold Shaft Mining
40:04 Pikeman
40:49 Squires
40:36 Arson
41:34 Hand Cart
41:21 Town Patrol
41:19 Halberdier
43:57 Chemistry
45:05 Siege Engineers
46:24 Scale Mail Armor
TurboAoE
10:18 Feudal Age
15:17 Castle Age
20:30 Horse Collar
21:37 Double-Bit Axe
23:03 Wheelbarrow
25:36 Hand Cart
28:14 Heavy Plow
32:01 Imperial Age
29:52 Arson
29:28 Pikeman
31:36 Bow Saw
33:33 Scale Mail Armor
33:44 Forging
33:42 Halberdier
35:23 Chain Mail Armor
35:43 Iron Casting
36:39 Chemistry
36:35 Plate Mail Armor
38:39 Blast Furnace
45:23 Elite Woad Raider
John SphX1222
12:50 Feudal Age
18:02 Castle Age
16:27 Stone Mining
17:10 Horse Collar
18:13 Double-Bit Axe
20:43 Gold Mining
21:04 Squires
21:32 Man-at-Arms
25:14 Wheelbarrow
30:50 Imperial Age
28:59 Long Swordsman
29:52 Thumb Ring
30:30 Bow Saw
30:53 Arson
32:35 Husbandry
32:46 Bloodlines
32:46 Scale Barding Armor
32:53 Forging
35:12 Hand Cart
35:06 Heavy Plow
36:12 Scale Mail Armor
36:48 Cavalier
38:58 Chain Mail Armor
38:46 Padded Archer Armor
38:30 Elite Genitour
38:58 Pikeman
41:55 Plate Mail Armor
46:17 Iron Casting
46:03 Chain Barding Armor
45:18 Heavy Camel Rider
Propercrisps
11:40 Feudal Age
12:01 Double-Bit Axe
12:14 Horse Collar
17:18 Castle Age
15:30 Gold Mining
16:36 Bloodlines
17:34 Forging
23:37 Heavy Plow
26:06 Bow Saw
29:35 Wheelbarrow
31:52 Imperial Age
30:08 Gold Shaft Mining
29:23 Stone Mining
29:31 Loom
30:23 Iron Casting
30:11 Scale Barding Armor
30:10 Town Watch
31:03 Hand Cart
30:41 Fletching
31:21 Ballistics
31:38 Padded Archer Armor
33:30 Chemistry
32:35 Town Patrol
32:24 Pikeman
32:27 Cavalier
34:03 Chain Barding Armor
33:46 Husbandry
34:36 Crop Rotation
35:38 Blast Furnace
36:34 Savar
38:25 Plate Barding Armor
37:52 Scale Mail Armor
39:04 Two-Man Saw
Connection lost

Rejoining the realm…

Still unreachable

The connection could not be restored.

Session expired

The server has moved on; the page needs a fresh start.